AoeStats
← Comend x comend

Lombardia

507138232Analyzed
3v3 RM · 15d ago on Sep 16, 2026· 32m 4s· 6 players
Game mode
Random Map
Map size
Normal (6 player)
Population
200
Speed
Normal
Resources
Standard
Victory
Conquest
Starting age
Dark Age
Ending age
Imperial Age
RankedLock teamsTeams togetherTeam positionsShared explorationLock speedFull tech treeHidden civsTurbo modeCheats
Victory
Defeat
🇪🇸 Franks · Spain
1403
+15
🇪🇸 Berbers · Spain
1397
+15
🇪🇸 Poles · Spain
1317
+18
🇵🇪 Teutons · Peru
1410
-18
🇨🇭 Mongols · Switzerland
1374
-16
🇬🇧 Chinese · United Kingdom
1324
-14
javi588
4:25 Loom
11:47 Feudal Age
15:28 Castle Age
16:24 Horse Collar
16:30 Double-Bit Axe
20:45 Fletching
26:12 Ballistics
26:14 Bodkin Arrow
froz
6:14 Loom
8:45 Feudal Age
9:27 Double-Bit Axe
21:18 Castle Age
19:20 Gold Mining
20:12 Forging
20:50 Scale Barding Armor
22:53 Chain Barding Armor
22:53 Husbandry
aroz
7:32 Loom
9:35 Feudal Age
10:32 Double-Bit Axe
12:59 Horse Collar
15:37 Wheelbarrow
21:22 Castle Age
20:24 Scale Barding Armor
20:31 Forging
20:39 Bloodlines
21:45 Gold Mining
22:23 Chain Barding Armor
23:08 Husbandry
27:59 Iron Casting
boluwatifeajibade
0:35 Loom
12:05 Feudal Age
16:31 Castle Age
15:35 Double-Bit Axe
16:07 Horse Collar
18:50 Bow Saw
20:05 Fletching
25:02 Wheelbarrow
27:39 Bodkin Arrow
Zaphod
9:57 Feudal Age
14:07 Castle Age
11:56 Double-Bit Axe
13:14 Horse Collar
15:02 Bow Saw
16:22 Fletching
20:33 Bodkin Arrow
24:47 Wheelbarrow
25:33 Ballistics
29:42 Hand Cart
30:06 Bloodlines
Comend x comend
5:18 Loom
8:54 Loom
11:03 Feudal Age
16:32 Castle Age
15:02 Double-Bit Axe
15:09 Horse Collar
22:10 Wheelbarrow
24:16 Gold Mining
24:16 Stone Mining
24:16 Gold Mining
24:16 Stone Mining
24:50 Stone Mining
25:45 Hand Cart
26:50 Bloodlines
33:07 Imperial Age
Connection lost

Rejoining the realm…

Still unreachable

The connection could not be restored.

Session expired

The server has moved on; the page needs a fresh start.